 Dungeon Crawl Stone Soup version 0.21.0-3-g78d12a8 (webtiles) character file.

1411 DarkTechnomancer the Slicer (level 9, -1/49 HPs)
             Began as a Kobold Assassin on Jan 17, 2018.
             Was a Follower of Hepliaklqana.
             Shot with an arrow by a centaur (8 damage)
             ... on level 6 of the Dungeon.
             The game lasted 00:47:02 (8205 turns).

DarkTechnomancer the Slicer (Kobold Assassin)       Turns: 8205, Time: 00:47:02

Health: -1/49      AC:  3    Str: 12    XL:     9   Next: 1%
Magic:  0/9        EV: 14    Int: 12    God:    Hepliaklqana [*.....]
Gold:   102        SH:  0    Dex: 16    Spells: 8/8 levels left

rFire    . . .     SeeInvis .   b - +0 blowgun
rCold    . . .     Gourm    .   (shield restricted)
rNeg     . . .     Faith    .   c - +0 robe
rPois    .         Spirit   +   (no helmet)
rElec    .         Reflect  .   g - +0 cloak
rCorr    .         Harm     .   (no gloves)
MR       .....                  (no boots)
Stlth    ++++......             o - amulet of guardian spirit
HPRegen  0.16/turn              (no ring)
MPRegen  0.11/turn              (no ring)

@: no status effects
A: small, reduced essence, carnivore
a: Recall Ancestor, Ancestor Identity, Renounce Religion


You were on level 6 of the Dungeon.
You worshipped Hepliaklqana.
Hepliaklqana was aware of your devotion.
You were very full.

You visited 1 branch of the dungeon, and saw 6 of its levels.

You collected 285 gold pieces.
You spent 183 gold pieces at shops.

Inventory:

Hand Weapons
 a - a +2 dagger
 b - a +0 blowgun (weapon)
 k - a cursed +0 rapier
 l - a +0 hunting sling
Missiles
 e - 12 poisoned needles (quivered)
 f - 13 curare-tipped needles
 m - 114 stones
Armour
 c - a +0 robe (worn)
 g - a +0 cloak (worn)
Jewellery
 o - an amulet of guardian spirit (around neck)
Scrolls
 s - 2 scrolls of magic mapping
Potions
 h - a potion of berserk rage
 i - a potion of curing
 j - a potion of invisibility
 n - 4 potions of agility
 v - a potion of flight {unknown}
Comestibles
 d - 5 rations {!d}


   Skills:
 + Level 6.0 Fighting
 - Level 10.0 Short Blades
 - Level 2.1 Throwing
 - Level 1.2 Dodging
 + Level 9.1 Stealth


You had 8 spell levels left.
You didn't know any spells.

Dungeon Overview and Level Annotations

Branches:
Dungeon (6/15)             Temple (0/1) D:4

Altars:
Hepliaklqana
Nemelex Xobeh
Ru
Sif Muna
Wu Jian

Shops:
D:4 *   D:5 ?

Annotations:
D:5 1 transporter


Innate Abilities, Weirdness & Mutations

You are small and have problems with some larger weapons.
You are carnivorous and can eat meat at any time.
Your life essence is reduced to manifest your ancestor. (-10% HP)


Message History

You swap places.
The centaur shouts! x2
The centaur wields a shortbow.
The centaur shoots an arrow.
The arrow hits you.
The centaur wields a shortbow.
The centaur shoots an arrow.
The arrow hits you.
The centaur shoots an arrow.
The arrow barely misses you.
You see here 3 arrows.
The centaur shoots an arrow.
The arrow hits you!
The centaur shoots an arrow.
The arrow completely misses you.
You see here an arrow.
b - a +0 blowgun (weapon)
The centaur shoots an arrow.
The arrow hits you!
Firing (i - inventory. (,) - cycle):
e - 13 poisoned needles (quivered)
Press: ? - help, Shift-Dir - straight line, f - centaur
Aim: a centaur, wielding a shortbow You shoot a poisoned needle.
The poisoned needle closely misses the centaur.
The centaur shoots an arrow.
The arrow hits you!
* * * LOW HITPOINT WARNING * * *
The centaur shoots an arrow.
The arrow hits you!
You die...

.....# #....# ##...#
.....# #....######.c.#
.....#######....!.....#
.##......##..#####....####
.##...........##.........#
............#.##.......<.#
.##........##............#
.###.........(.(R!.......#
.# #............@..c.....#
## #.................(...#
##...........##########
#........>..#
#..........## #..........#
#.......... #..........
#########


You could see the friendly Tsubaki the ancestor and 2 centaurs.

Vanquished Creatures
  The ghost of Mustardman the Conjurer, an amateur DECj (D:3)
  A phantom (D:6)
  An ogre (D:5)
  A bullfrog (D:6)
  A crimson imp (D:5)
  A bullfrog zombie (D:5)
  3 orc priests
  A bullfrog skeleton (D:5)
  2 orc wizards (D:4)
  3 worker ants
  2 gnolls (D:4)
  A worker ant zombie (D:4)
  8 adders
  An ooze (D:3)
  An adder skeleton (D:4)
  3 worms
  A dart slug (D:3)
  12 orcs
  3 ball pythons
  3 bats (D:2)
  A giant cockroach (D:1)
  5 goblins
  8 hobgoblins
  22 jackals
  8 kobolds
  5 quokkas
  10 frilled lizards
  A jackal skeleton (D:4)
  A quokka skeleton (D:4)
  7 rats
118 creatures vanquished.

Vanquished Creatures (collateral kills)
  An ice beast (D:5)
  A centaur (D:5)
  A scorpion (D:4)
  2 hounds
  Crazy Yiuf (D:3)
  4 orc wizards
  2 worker ants (D:4)
  A worker ant zombie (D:5)
  2 gnolls (D:4)
  2 adders (D:4)
  A leopard gecko (D:3)
  6 orcs
  A giant cockroach (D:3)
  A hobgoblin (D:3)
  3 jackals
  A kobold (D:3)
  A bat (D:3)
  A rat (D:3)
32 creatures vanquished.

Vanquished Creatures (others)
  2 ancestors (D:5)
2 creatures vanquished.

Grand Total: 152 creatures vanquished

Notes
Turn   | Place    | Note
-------+----------+-------------------------------------------
     0 | D:1      | DarkTechnomancer the Kobold Assassin began the quest for the Orb.
     0 | D:1      | Reached XP level 1. HP: 12/12 MP: 1/1
   117 | D:1      | Reached skill level 3 in Short Blades
   167 | D:1      | Reached XP level 2. HP: 15/18 MP: 2/2
   725 | D:1      | Reached XP level 3. HP: 14/22 MP: 3/3
  1150 | D:1      | Reached skill level 4 in Short Blades
  1695 | D:2      | Found a sacrificial altar of Ru.
  1719 | D:2      | Reached XP level 4. HP: 27/27 MP: 4/4
  2245 | D:3      | Reached skill level 5 in Short Blades
  2245 | D:3      | Reached XP level 5. HP: 22/32 MP: 5/5
  2414 | D:3      | Found a hazy altar of Hepliaklqana.
  2420 | D:3      | Became a worshipper of Hepliaklqana the Forgotten
  2424 | D:3      | Noticed Mustardman's ghost (amateur DECj)
  2997 | D:3      | Found a deep blue altar of Sif Muna.
  3340 | D:3      | Found a runed door.
  3401 | D:3      | Noticed Crazy Yiuf
  3417 | D:3      | Killed Crazy Yiuf
  3417 | D:3      | Reached XP level 6. HP: 9/33 MP: 6/6
  3753 | D:3      | Killed Mustardman's ghost
  3753 | D:3      | Reached skill level 6 in Short Blades
  4342 | D:4      | Found a staircase to the Ecumenical Temple.
  4733 | D:4      | Reached * piety under Hepliaklqana
  4853 | D:4      | Reached XP level 7. HP: 38/38 MP: 7/7
  5015 | D:4      | Reached skill level 7 in Short Blades
  5289 | D:4      | Found Ekhluc's Serpentskin Sales.
  5299 | D:4      | Bought 4 curare-tipped needles for 31 gold pieces
  5299 | D:4      | Bought 8 curare-tipped needles for 62 gold pieces
  5583 | D:4      | Reached skill level 8 in Short Blades
  5608 | D:4      | Reached XP level 8. HP: 26/43 MP: 8/8
  5934 | D:4      | Found an ornate altar of the Wu Jian Council.
  6072 | D:5      | Entered Level 5 of the Dungeon
  6083 | D:5      | Reached skill level 5 in Fighting
  6738 | D:5      | Reached skill level 9 in Short Blades
  7620 | D:5      | Found Seefemuv's Magic Scroll Shop.
  7632 | D:5      | Bought a scroll of identify for 30 gold pieces
  7636 | D:5      | Bought a scroll of identify for 30 gold pieces
  7636 | D:5      | Bought a scroll of identify for 30 gold pieces
  7837 | D:5      | Found a sparkling altar of Nemelex Xobeh.
  7837 | D:5      | Found a transporter.
  8153 | D:6      | Reached skill level 10 in Short Blades
  8153 | D:6      | Reached XP level 9. HP: 49/49 MP: 9/9
  8205 | D:6      | Shot with an arrow by a centaur

Skill      XL: |  1  2  3  4  5  6  7  8 |
---------------+-------------------------+-----
Short Blades   | 3 4 5 6 8 10 | 10.0
Fighting       | 3 4 6 |  6.0
Stealth        | 6 7 9 |  9.1
Throwing       | |  2.1
Dodging        | |  1.2

Action                   |  1- 3 |  4- 6 |  7- 9 || total
-------------------------+-------+-------+-------++-------
Melee: Dagger            |   129 |   169 |   178 ||   476
 Fire: Blowgun           |    14 |    20 |    48 ||    82
Throw: Stone             |       |     1 |       ||     1
Invok: Recall Ancestor   |       |     2 |     3 ||     5
       Ancestor Identity |       |     1 |       ||     1
  Use: Scroll            |       |     6 |     5 ||    11
       Potion            |       |     4 |       ||     4
 Stab: Sleeping          |     4 |     9 |     5 ||    18
       Distracted        |     2 |       |       ||     2
  Eat: Chunk             |    11 |     9 |    10 ||    30
Armor: Robe              |    13 |       |    10 ||    23
       Ring mail         |       |    44 |       ||    44
Dodge: Dodged            |    73 |    60 |    91 ||   224
